 Dungeon Crawl Stone Soup version 0.30.0-29-ga12c61a403 (webtiles) character file.

Game seed: 6949014261358194776

19 Abishai the Sneak (level 2, -3/20 HPs)
             Began as a Draconian Enchanter on June 23, 2023.
             Slain by a hobgoblin (4 damage)
             ... on level 2 of the Dungeon.
             The game lasted 00:01:27 (484 turns).

Abishai the Sneak (Draconian Enchanter)              Turns: 484, Time: 00:01:27

Health: -3/20      AC:  4    Str: 10    XL:     2   Next: 55%
Magic:  2/5        EV: 12    Int: 15    God:
Gold:   28         SH:  0    Dex: 11    Spells: 3/5 levels left

rFire   . . .        a - +1 dagger
rCold   . . .        (no shield)
rNeg    . . .        (body armour unavailable)
rPois   .            (helmet restricted)
rElec   .            (no cloak)
rCorr   .            (no gloves)
SInv    .            (no boots)
Will    .....        (no amulet)
Stlth   ++           (no ring)
HPRegen 0.23/turn    (no ring)
MPRegen 0.09/turn

%: no passive effects
@: on berserk cooldown, slowed, very slow
A: AC +4, unfitting armour, cold-blooded
a: no special abilities


You were on level 2 of the Dungeon.
You visited 1 branch of the dungeon, and saw 2 of its levels.

You collected 28 gold pieces.

Inventory:

Hand Weapons
 a - a +1 dagger (weapon)
Jewellery
 d - a ring of flight
Scrolls
 c - a scroll of identify {unknown}
Potions
 b - 2 potions of invisibility


   Skills:
 * Level 0.2 Fighting
 * Level 1.2 Short Blades
 * Level 1.8 Dodging
 * Level 3.1 Stealth
 * Level 2.0 Spellcasting
 * Level 3.0 Hexes


You had 3 spell levels left.
You knew the following spells:

 Your Spells              Type           Power      Damage    Failure   Level
a - Ensorcelled Hibernat  Hex/Ice        12%        N/A       19%         2

Your spell library contained the following spells:

 Spells                   Type           Power      Damage    Failure   Level
 Confusing Touch          Hex            10%        N/A       19%         3
 Tukima's Dance           Hex            10%        N/A       19%         3
 Dazzling Flash           Conj/Hex       12%        N/A       34%         3


Dungeon Overview and Level Annotations

Branches:
Dungeon (2/15)

Altars:


Innate Abilities, Weirdness & Mutations

Your plain brown scales are hard. (AC +4)
You cannot fit into any form of body armour.
You are cold-blooded and may be slowed by cold attacks.


Message History

The orc closely misses you.
It was a potion of berserk rage.
A red film seems to cover your vision as you go berserk!
You feel yourself moving faster!
You feel mighty! The orc misses you.
You hit the orc.
The orc is heavily wounded.
The orc barely misses you.
You barely miss the orc.
The orc is heavily wounded.
You closely miss the orc.
Your tail-slap misses the orc.
The orc is heavily wounded.
The orc barely misses you.
You closely miss the orc.
The orc is heavily wounded.
The orc closely misses you.
You barely miss the orc. You tail-slap the orc.
You kill the orc!
The orc barely misses you.
Things that are here:
a +0 whip; a +0 leather armour You puncture the orc!
You kill the orc!
Your Hexes skill increases to level 3!
The orc barely misses you.
Things that are here:
a +0 mace; a +0 ring mail; 6 gold pieces You barely miss the orc.
The orc hits you with a +0 club. The orc misses you.
You puncture the orc!
You kill the orc!
You are no longer berserk.
You are exhausted.
You feel yourself slow down. The hobgoblin closely misses you.
The orc hits you with a +0 whip.
* * * LOW HITPOINT WARNING * * *
You see here a +0 club.
The hobgoblin barely misses you. The orc misses you.
The orc hits you with a +0 whip.
* * * LOW HITPOINT WARNING * * *
The hobgoblin hits you.
You die...

##### #...#####
#.@.....#########
#g)o............>
##)#........!...###
#)##......#### .
#.#######....## #..#
####..# ##.#
#######.####
#####.####..........)
#.<......#..........#


You could see an orc and a hobgoblin.

Vanquished Creatures
  A dart slug (D:1)
  4 orcs (D:2)
  2 ball pythons (D:1)
  An endoplasm (D:1)
  A goblin (D:2)
  A frilled lizard (D:1)
  2 kobolds (D:1)
12 creatures vanquished.

Notes
Turn   | Place    | Note
-------+----------+-------------------------------------------
     0 | D:1      | Abishai the Draconian Enchanter began the quest for the
                  | Orb.
     0 | D:1      | Reached XP level 1. HP: 14/14 MP: 3/3
   216 | D:1      | Reached XP level 2. HP: 20/20 MP: 5/5
   219 | D:1      | Learned a level 2 spell: Ensorcelled Hibernation
   484 | D:2      | HP: 1/20 [orc/+0 whip (2)]
   484 | D:2      | Slain by a hobgoblin

Illustrated notes

Levels and vault maps discovered:
D:1:      minmay_arrival_plants_in_alcoves, layout_basic,
          ebering_ecumenical_altar_box
D:2:      layout_rooms, kennysheep_generic_room_3

Skill      XL: |  1  2 |
---------------+-------+-----
Stealth        | 3 |  3.1
Hexes          | 3 |  3.0
Fighting       | |  0.2
Short Blades   | |  1.2
Dodging        | |  1.8
Spellcasting   | |  2.0

Action                     || total
---------------------------++-------
  Melee: Dagger            ||    51
         Tailslap          ||     6
         Punch             ||     1
   Cast: Ensorcelled Hiber ||     2
    Use: Potion            ||     1
   Stab: Sleeping          ||     3
 Armour: Skin              ||    11
  Dodge: Dodged            ||    43
